 Dungeon Crawl Stone Soup version 0.28.0 (webtiles) character file.

Game seed: 15921544408912754507

77 Ijustatesigmund the Skirmisher (level 4, 0/43 HPs)
             Began as a Gargoyle Fighter on Feb 10, 2022.
             Slain by an orc priest (4 damage)
             ... on level 3 of the Dungeon.
             The game lasted 00:02:16 (2362 turns).

Ijustatesigmund the Skirmisher (Gargoyle Fighter)   Turns: 2362, Time: 00:02:18

Health: 0/43       AC: 22    Str: 22    XL:     4   Next: 34%
Magic:  4/4        EV:  2    Int:  8    God:
Gold:   125        SH:  5    Dex:  9    Spells: 3/3 levels left

rFire   . . .      SeeInvis .   a - +0 flail
rCold   . . .      Faith    .   c - +1 buckler
rNeg    + . .      Spirit   .   (armour currently unavailable)
rPois   ∞          Reflect  .   (helmet currently unavailable)
rElec   .          Harm     .   (cloak currently unavailable)
rCorr   .          Rampage  .   (gloves currently unavailable)
Will    .....      NoTele   +   (boots currently unavailable)
Stlth   +.........              (no amulet)
HPRegen 0.14/turn               (no ring)
MPRegen 0.09/turn               (no ring)

@: tree-form
A: stationary, stasis, torment immunity, boosted hp, sickness immunity, AC +3,
negative energy resistance 1, (electricity resistance), torment resistance 1,
petrification resistance
a: no special abilities


You were on level 3 of the Dungeon.
You were a tree.
You visited 1 branch of the dungeon, and saw 3 of its levels.

You collected 125 gold pieces.

Inventory:

Hand Weapons
 a - a +0 flail (weapon)
Armour
 b - a +0 scale mail (melded)
 c - a +1 buckler (worn)
 k - a +0 pair of boots (melded)
Scrolls
 e - 2 scrolls of identify
 f - a scroll of blinking {unknown}
 h - a scroll of fear
 i - 2 scrolls of teleportation {unknown}
 j - 2 scrolls of enchant weapon {unknown}
 l - a scroll of vulnerability {unknown}
Potions
 d - a potion of might


   Skills:
 + Level 4.1 Fighting
 * Level 3.8 Maces & Flails
 - Level 3.2 Armour
 - Level 3.2 Shields


You had 3 spell levels left.
You didn't know any spells.
Your spell library was empty.

Dungeon Overview and Level Annotations

Branches:
Dungeon (3/15)

Altars:


Innate Abilities, Weirdness & Mutations

You are a tree.
Your roots penetrate the ground, keeping you stationary.
You cannot be teleported.
You are immune to unholy pain and torment.
Your maximum health is greatly increased.
Your equipment is partially melded.
You are immune to sickness and miasma.
((Your stone body is resilient. (AC +3)))
You are immune to poison.
You resist negative energy. (rN+)
((You are resistant to electric shocks. (rElec)))
You are resistant to unholy torment.
You are immune to petrification.


Message History

You now have 114 gold pieces (gained 14).
You see here a +0 spear.
There is a stone staircase leading down here.
You now have 125 gold pieces (gained 11).
Found 15 stones.
You see here 15 stones.
Items here: ( ))).
An orc comes into view. It is wielding a +0 club.
The orc shouts!
An orc priest comes into view. It is wielding a +0 club.
The orc priest shouts!
The orc priest mumbles some strange prayers to Beogh against you.
Beogh smites you! You block the orc's attack.
You hit the orc but do no damage. The orc hits you but does no damage.
You hit the orc.
The orc is lightly wounded.
You barely miss the orc. The orc hits you with a +0 club.
The orc hits you but does no damage.
You barely miss the orc. The orc hits you but does no damage.
The orc priest hits you but does no damage.
You barely miss the orc priest. The orc hits you but does no damage.
The orc priest mumbles some strange prayers to Beogh against you.
Beogh smites you!
* * * LOW HITPOINT WARNING * * *
You are too injured to fight recklessly!
You are too injured to fight recklessly!
There are monsters nearby!
Really quaff the potion of lignification? [Y]es or [N]o only, please.
Really quaff the potion of lignification? [Y]es or [N]o only, please.
Really quaff the potion of lignification?
You turn into a tree.
Your +0 pair of boots melds into your body.
Your +0 scale mail melds into your body.
Your roots penetrate the ground.
The orc hits you but does no damage.
An orc wizard comes into view. It is wielding a +0 whip.
The orc priest hits you with a +0 club.
You die...

# #.# #.# #.#
###########.###o#.# #.#
##..............#.# #.#
##.########.###.#.# #.#
##.# #####.......# #.#
#. ...# #.(.........#
#.# #.
#######.########[.# #.#
#. ........# #o.#
######.####. #########
#♣o# ##.........#. #
#..#.##.####.##.#. #
#............##.#. #
#.##.##.#######.#. #
#.##.##.# #.#. # #######
#.##.##.# #.#.
#####.....# #.##.##.#
#.#.
..........######.##.##.#
#.#.
#####.......)....##.##.#
#.#.


You could see an orc priest, an orc wizard (wandering) and an orc.

Vanquished Creatures
  3 adders
  A worm (D:2)
  3 dart slugs
  5 endoplasms
  5 giant cockroaches
  3 goblins
  3 hobgoblins
  4 kobolds
  3 quokkas (D:1)
  3 ball pythons
  3 bats
  2 frilled lizards (D:1)
  3 rats
41 creatures vanquished.

Vanquished Creatures (others)
  5 toadstools (D:1)
5 creatures vanquished.

Grand Total: 46 creatures vanquished

Notes
Turn   | Place    | Note
-------+----------+-------------------------------------------
     0 | D:1      | Ijustatesigmund the Gargoyle Fighter began the quest for
                  | the Orb.
     0 | D:1      | Reached XP level 1. HP: 14/14 MP: 1/1
   284 | D:1      | Reached XP level 2. HP: 19/19 MP: 2/2
   984 | D:1      | Reached XP level 3. HP: 24/24 MP: 3/3
  1329 | D:2      | Found a faded altar of an unknown god.
  1826 | D:3      | Reached skill level 4 in Fighting
  1826 | D:3      | Reached XP level 4. HP: 21/29 MP: 4/4
  2362 | D:3      | Slain by an orc priest

Illustrated notes

Levels and vault maps discovered:
D:1:      ldierk_walled_garden, layout_loops_corners
D:2:      wander_river, layout_basic, basic_ecumenical_altar
D:3:      layout_loops_ring

Skill      XL: |  1  2  3 |
---------------+----------+-----
Maces & Flails | 3 |  3.8
Fighting       | 4 |  4.1
Armour         | |  3.2
Shields        | |  3.2

Action                   |  1- 3 |  4- 6 || total
-------------------------+-------+-------++-------
Melee: Flail             |   115 |    42 ||   157
  Use: Scroll            |     4 |       ||     4
       Potion            |       |     1 ||     1
Armor: Scale mail        |    69 |    26 ||    95
       Skin              |       |     1 ||     1
Dodge: Dodged            |    52 |    14 ||    66
Block: Buckler           |    21 |    10 ||    31
